 Dungeon Crawl Stone Soup version 0.30-a0-414-gcb316572d5 (webtiles) character file.

Game seed: 11205473332684925442

5761 McMuffin the Cleaver (level 10, -8/88 HPs)
             Began as a Hill Orc Fighter on Dec 7, 2022.
             Was a Believer of Beogh.
             Mangled by a sun demon (18 damage)
             ... summoned by a kobold demonologist
             ... on level 10 of the Dungeon.
             The game lasted 00:33:23 (4443 turns).

McMuffin the Cleaver (Hill Orc Fighter)             Turns: 4443, Time: 00:33:23

Health: -8/88      AC: 18    Str: 24    XL:     10   Next: 78%
Magic:  12/12      EV:  8    Int: 11    God:    Beogh [**....]
Gold:   97         SH:  5    Dex: 10    Spells: 10/12 levels left

rFire   x . .      SeeInvis .    p - +9 war axe of Riptuyv {flame, Fragile rN+ Int+3}
rCold   + + .      Faith    .    c - +0 buckler
rNeg    + . .      Spirit   .    A - +2 chain mail {rC+}
rPois   .          Reflect  .    (no helmet)
rElec   .          Harm     .    n - +0 cloak
rCorr   .          Rampage  .    i - +1 pair of gloves
Will    .....      Clarity  +    f - +0 pair of boots
Stlth   ..........               (no amulet)
HPRegen 0.34/turn                j - ring of ice
MPRegen 0.13/turn                (no ring)

@: invisible
A: clarity, MP-powered wands
a: Renounce Religion, Smiting


You were on level 10 of the Dungeon.
You worshipped Beogh.
Beogh was pleased with you.
You visited 2 branches of the dungeon, and saw 11 of its levels.

You collected 420 gold pieces.
You spent 323 gold pieces at shops.

Inventory:

Hand Weapons
 a - a +1 war axe
 e - a +2 great sword of freezing
 o - a +5 long sword
 p - the +9 war axe of Riptuyv (weapon) {flame, Fragile rN+ Int+3}
   (You found it on level 6 of the Dungeon)

   It burns those it strikes, dealing additional fire damage.
   Big, fiery blades are also staple armaments of hydra-hunters.
   Int:       It affects your intelligence (+3).
   rN:        It protects you from negative energy.
   Fragile:   It will be destroyed if unequipped.
 u - a +2 war axe of electrocution
 w - a +4 spear
 C - a +1 eveningstar of pain
 F - a +2 vorpal trident
 H - the +3 war axe of Ashenzari {flame, rC+}
   (You found it on level 10 of the Dungeon)

   It burns those it strikes, dealing additional fire damage.
   Big, fiery blades are also staple armaments of hydra-hunters.
   rC:        It protects you from cold.
Missiles
 s - 7 poisoned darts
 t - a boomerang
Armour
 b - a +0 scale mail
 c - a +0 buckler (worn)
 f - a +0 pair of boots (worn)
 i - a +1 pair of gloves (worn)
 n - a +0 cloak (worn)
 v - a +0 chain mail
 A - a +2 chain mail of cold resistance (worn)
 B - a +0 pair of gloves
 D - a +0 plate armour
Magical Staves
 z - a staff of fire
Jewellery
 j - a ring of ice (left hand)
Wands
 k - a wand of charming (5)
 y - a wand of roots (5)
 E - a wand of polymorph (3)
Scrolls
 l - a scroll of poison
 q - a scroll of noise
 r - 2 scrolls of identify
 x - a scroll of amnesia
 J - a scroll of blinking {unknown}
Potions
 d - a potion of cancellation
 g - a potion of invisibility
 h - a potion of attraction
 m - a potion of magic
 G - a potion of curing {unknown}
 I - a potion of brilliance


   Skills:
 + Level 8.2 Fighting
 + Level 14.1 Axes
 + Level 8.3 Armour
 + Level 2.5 Dodging
 + Level 0.4 Stealth
 + Level 5.7 Shields
 + Level 1.9 Spellcasting
 + Level 1.7 Ice Magic
 + Level 1.6 Earth Magic


You had 10 spell levels left.
You knew the following spells:

 Your Spells              Type           Power      Damage    Failure   Level
a - Freeze                Ice            28%        1d5       71%         1
b - Sandblast             Erth           8%         2d5       73%         1

Your spell library contained the following spells:

 Spells                   Type           Power      Damage    Failure   Level
 Passwall                 Tmut/Erth      1%         N/A       93%         2
 Static Discharge         Conj/Air       2%         2-3/arc   97%         2
 Frozen Ramparts          Ice            14%        1d3       97%         3
 Hailstorm                Conj/Ice       4%         3d4       99%         3
 Stone Arrow              Conj/Erth      4%         3d7       99%         3
 Vhi's Electric Charge    Tloc/Air       2%         N/A       100%        3
 Summon Lightning Spire   Summ/Air       1%         N/A       100%        4
 Arcjolt                  Conj/Air       0%         1d10      100%        5
 Lightning Bolt           Conj/Air       0%         1d11      100%        5
 Storm Form               Tmut/Air       0%         N/A       100%        7
 Maxwell's Capacitive Co  Air            0%         ∞         100%        8


Dungeon Overview and Level Annotations

Branches:
Dungeon (10/15)            Temple (0/1) D:7            Lair (1/5) D:10
    Orc: D:9-12

Altars:
Fedhas
Hepliaklqana
Qazlal
Uskayaw
Vehumet
Xom

Shops:
D:8 [


Innate Abilities, Weirdness & Mutations

You possess an exceptional clarity of mind.
You expend magic power (3 MP) to strengthen your wands.


Message History

You closely miss the kobold demonologist.
You completely miss the kobold demonologist.
The kobold demonologist casts a spell.
You closely miss the kobold demonologist.
You closely miss the sun demon. The steam dragon breathes steam at you.
The ball of steam hits you! The steam scalds you terribly!
The kobold demonologist hits you but does no damage.
The sun demon hits you but does no damage.
You miss the kobold demonologist. You slash the sun demon!
You are engulfed in a cloud of scalding steam.
The kobold demonologist is engulfed in a cloud of scalding steam.
The kobold demonologist hits you but does no damage.
The shadow imp shouts, "Take thy face hence, thou defiled spur-galled tiddler!"
The sun demon hits you!
You are engulfed in flames!
The fire burns you terribly!
You slash the kobold demonologist! You burn the kobold demonologist.
The kobold demonologist is moderately wounded.
You hit the steam dragon. You burn the steam dragon.
You closely miss the sun demon.
You are engulfed in a cloud of scalding steam.
The steam dragon bites you but does no damage.
The steam dragon claws you.
The kobold demonologist is engulfed in a cloud of scalding steam.
The kobold demonologist hits you but does no damage.
The shadow imp is engulfed in a cloud of scalding steam.
The sun demon hits you.
You are engulfed in flames!
The fire burns you terribly!
* * * LOW HITPOINT WARNING * * *
You fade into invisibility!
The steam dragon bites you but does no damage.
The steam dragon barely misses you.
The kobold demonologist hits you but does no damage.
The shadow imp is engulfed in a cloud of scalding steam.
The shadow imp dies!
The shadow imp disappears in a puff of smoke!
The sun demon hits you!
* * * LOW HITPOINT WARNING * * *
You are engulfed in flames!!
The fire burns you terribly!
You die...

# # .. .# # .# .#
######## ##. ..#
.......### #.. ..#
~~~~~~...# #5#..>#
##.##~.#.# #§#§..# #
#~.#.#######KD§..# #
#~.........3@§...# #
#~.###.........#.#
#####~.......§.....#
~~~≈~~.......§..§....#
.......###############
########


You could see a sun demon (summoned, unable to see you), a kobold demonologist
(unable to see you), a steam dragon (unable to see you) and a crimson imp
(summoned, unable to see you).

Vanquished Creatures
  Maurice (D:8)
  A troll (D:10)
  A hornet (D:9)
  A wraith (D:9)
  14 yaks
  4 water moccasins
  A sky beast (D:8)
  3 orc warriors
  An ice beast (D:6)
  A black bear (D:7)
  The ghost of baller8008 the Covered, an amateur AtFi (D:3)
  4 ogres
  A phantom (D:4)
  5 bullfrogs
  A kobold brigand (D:7)
  2 scorpions (D:10)
  5 wights (D:7)
  4 killer bees (D:9)
  A jelly (D:5)
  A hound (D:6)
  2 orc priests (D:9)
  A gnoll bouda (D:7)
  An iguana (D:7)
  5 orc wizards
  4 adders (D:4)
  5 gnolls
  A white imp (D:7)
  2 ufetubi
  A dart slug (D:2)
  19 orcs
  6 endoplasms
  3 giant cockroaches
  4 goblins
  5 hobgoblins
  8 jackals
  4 quokkas
  2 ball pythons
  6 bats
  A frilled lizard (D:1)
  4 kobolds
  4 rats
141 creatures vanquished.

Vanquished Creatures (others)
  An orc (D:4)
  An endoplasm (D:4)
  16 fungi (D:10)
  63 plants
81 creatures vanquished.

Grand Total: 222 creatures vanquished

Notes
Turn   | Place    | Note
-------+----------+-------------------------------------------
     0 | D:1      | McMuffin the Hill Orc Fighter began the quest for the Orb.
     0 | D:1      | Reached XP level 1. HP: 19/19 MP: 1/1
    98 | D:1      | Reached XP level 2. HP: 25/27 MP: 2/2
   166 | D:1      | Reached skill level 3 in Axes
   184 | D:1      | Reached XP level 3. HP: 32/33 MP: 3/3
   503 | D:3      | Reached XP level 4. HP: 39/40 MP: 4/4
   697 | D:3      | Found a runed translucent door.
   706 | D:3      | Noticed baller8008's ghost (amateur AtFi)
   723 | D:3      | Killed baller8008's ghost
   724 | D:3      | Reached skill level 5 in Axes
   724 | D:3      | Reached XP level 5. HP: 34/46 MP: 5/5
  1010 | D:4      | Reached XP level 6. HP: 53/53 MP: 6/6
  1048 | D:4      | Became a worshipper of Beogh the Brigand
  1180 | D:4      | Reached skill level 6 in Axes
  1320 | D:5      | Entered Level 5 of the Dungeon
  1322 | D:5      | Noticed a water moccasin
  1323 | D:5      | Reached skill level 1 in Dodging
  1327 | D:5      | Killed a water moccasin
  1343 | D:4      | Reached skill level 7 in Axes
  1343 | D:4      | Reached XP level 7. HP: 36/60 MP: 7/7
  1443 | D:5      | Found a shimmering altar of Xom.
  1443 | D:5      | Found a stormy altar of Qazlal.
  1498 | D:6      | Reached skill level 5 in Fighting
  1659 | D:6      | Found a hide-covered altar of Uskayaw.
  1768 | D:6      | Reached skill level 8 in Axes
  1779 | D:6      | Identified the +9 war axe of Riptuyv {flame, Fragile rN+
                  | Int+3}
  1995 | D:6      | Learned a level 1 spell: Freeze
  2047 | D:6      | Reached skill level 5 in Armour
  2047 | D:6      | Reached XP level 8. HP: 68/68 MP: 8/8
  2323 | D:7      | Found a blossoming altar of Fedhas.
  2334 | D:7      | Reached skill level 9 in Axes
  2334 | D:7      | Reached skill level 1 in Ice Magic
  2334 | D:7      | Reached * piety under Beogh
  2455 | D:7      | Noticed a yak
  2464 | D:7      | Killed a yak
  2465 | D:7      | Noticed a yak
  2466 | D:7      | Noticed a yak
  2471 | D:7      | Killed a yak
  2471 | D:7      | Killed a yak
  2472 | D:7      | Reached skill level 10 in Axes
  2472 | D:7      | Reached skill level 5 in Shields
  2472 | D:7      | Reached skill level 1 in Spellcasting
  2472 | D:7      | Reached XP level 9. HP: 68/75 MP: 8/10
  2511 | D:7      | Found a staircase to the Ecumenical Temple.
  2579 | D:7      | Reached skill level 11 in Axes
  3039 | D:8      | Noticed Maurice
  3048 | D:8      | Killed Maurice
  3054 | D:8      | Reached skill level 12 in Axes
  3067 | D:8      | Reached XP level 10. HP: 50/88 MP: 11/11
  3252 | D:8      | Found Backorr's Antique Armour Boutique.
  3262 | D:8      | Bought a glowing chain mail for 202 gold pieces
  3262 | D:8      | Bought a pair of gloves for 121 gold pieces
  3344 | D:8      | Found a radiant altar of Vehumet.
  3428 | D:9      | Reached ** piety under Beogh
  3494 | D:9      | Learned a level 1 spell: Sandblast
  3659 | D:9      | Reached skill level 13 in Axes
  3771 | D:9      | Gained mutation: You have a pair of small horns on your
                  | head. [mutagenic glow]
  3773 | D:9      | Lost mutation: You have a pair of small horns on your head.
                  | [potion of mutation]
  3773 | D:9      | Gained mutation: You expend magic power (3 MP) to
                  | strengthen your wands. [potion of mutation]
  3773 | D:9      | Gained mutation: You possess an exceptional clarity of
                  | mind. [potion of mutation]
  3907 | D:9      | Reached skill level 1 in Earth Magic
  4037 | D:10     | Entered Level 10 of the Dungeon
  4076 | D:10     | Found a staircase to the Lair.
  4132 | D:10     | Reached skill level 14 in Axes
  4151 | Lair:1   | Entered Level 1 of the Lair of Beasts
  4151 | Lair:1   | Noticed a black mamba
  4238 | D:10     | Found a hazy altar of Hepliaklqana.
  4313 | D:10     | Identified the +3 war axe of Ashenzari {flame, rC+}
  4436 | D:10     | Noticed a kobold demonologist
  4440 | D:10     | Noticed a sun demon
  4443 | D:10     | Mangled by a sun demon

Illustrated notes

Levels and vault maps discovered:
D:1:      wander_arrival_fairy_ring, layout_loops_cross
D:2:      layout_rooms, minmay_octomino_j4
D:3:      layout_basic, ebering_ghost_reflecting_pool, st_stairs_13,
          kennysheep_generic_room_3
D:4:      layout_basic
D:5:      layout_basic, chequers_temple_overflow_statue_of_worship,
          serial_shops, nicolae_square_shop, uniq_grinder
D:6:      layout_gridville, mainiacjoe_overflow_surrounded_room, uniq_edmund
D:7:      layout_rooms, mainiacjoe_overflow_alcove_2, fedhas_altar_2,
          minmay_temple_entry_statues, dreamdust_gnoll_shepherd
D:8:      layout_basic, mainiacjoe_overflow_big_doors, serial_shops, shop,
          serial_bayou, serial_bayou_pond_a, serial_bayou_lake_a,
          serial_bayou_shore_a, serial_bayou_pond_a, uniq_maurice
D:9:      layout_stronghold, kennysheep_donut
D:10:     layout_stronghold, old_standard_altar,
          nicolae_hepliaklqana_hazy_memory, due_lair_maze_entry_diamond,
          enter_bailey_3, uniq_josephine
Lair:1:   layout_cave_pods, serial_bayou, serial_bayou_pond_d,
          serial_bayou_lagoon_a, serial_bayou_ford_a, serial_bayou_pond_a,
          serial_bayou_pond_d, minmay_stone_trees_small,
          chequers_serial_rivers_micro_b, infiniplex_staircase_pool_2

Skill      XL: |  1  2  3  4  5  6  7  8  9 10 |
---------------+-------------------------------+-----
Fighting       | 4 5 6 7 8 |  8.2
Axes           | 3 5 7 8 10 12 14 | 14.1
Armour         | 4 5 7 8 |  8.3
Shields        | 4 5 |  5.7
Dodging        | 1 2 |  2.5
Ice Magic      | 1 |  1.7
Spellcasting   | 1 |  1.9
Earth Magic    | 1 |  1.6
Stealth        | |  0.4

Action                   |  1- 3 |  4- 6 |  7- 9 | 10-12 || total
-------------------------+-------+-------+-------+-------++-------
Melee: War axe           |    75 |   125 |    92 |   118 ||   410
 Cast: Freeze            |       |       |     2 |       ||     2
Invok: Convert to Beogh  |       |     1 |       |       ||     1
  Use: Scroll            |     1 |     7 |       |     4 ||    12
       Potion            |       |     2 |     2 |     2 ||     6
Armor: Scale mail        |    46 |    78 |    16 |       ||   140
       Chain mail        |       |       |    20 |    58 ||    78
Dodge: Dodged            |    41 |    51 |    31 |    32 ||   155
Block: Buckler           |    26 |    31 |    17 |    25 ||    99

Table legend: (Time is in decaauts)
 A = Elapsed time spent in this place.
 B = Non-inter-level travel time spent in this place.
 C = Inter-level travel time spent in this place.
 D = Time resting spent in this place.
 E = Time spent auto-exploring this place.
 F = Levels seen in this place.
 G = Mean time per level.
                   A        B        C        D        E       F      G
               +--------+--------+--------+--------+--------+-----+--------+
         Total |   4504 |   4489 |     15 |    893 |      0 |  11 |  409.5 |
       Dungeon |   4502 |   4487 |     15 |    893 |      0 |  10 |  450.2 |
          Lair |      1 |      1 |      0 |      0 |      0 |   1 |    1.0 |
               +--------+--------+--------+--------+--------+-----+--------+

Top non-repeatable levels by time:
     D:6: 837 daAuts
     D:9: 678 daAuts
     D:7: 654 daAuts
     D:3: 563 daAuts
     D:4: 550 daAuts
    D:10: 395 daAuts
     D:8: 384 daAuts
     D:1: 254 daAuts
     D:2: 107 daAuts
     D:5: 77 daAuts
  Lair:1: 1 daAuts
